 Dungeon Crawl Stone Soup version 0.30-a0-959-g3818848631 (webtiles) character file.

Game seed: 17605467795871871614

28 Maize the Chopper (level 2, -8/27 HPs)
             Began as a Minotaur Berserker on Mar 30, 2023.
             Was a Follower of Trog.
             Mangled by Robin
             ... wielding a +0 trident
              (9 damage)
             ... on level 2 of the Dungeon.
             The game lasted 00:01:50 (634 turns).

Maize the Chopper (Minotaur Berserker)               Turns: 634, Time: 00:01:51

Health: -8/27      AC:  2    Str: 21    XL:     2   Next: 96%
Magic:  1/1        EV: 12    Int:  4    God:    Trog [*.....]
Gold:   46         SH:  0    Dex:  9    Spells: 1/1 levels left

rFire   . . .      SeeInvis .    a - +0 hand axe
rCold   . . .      Faith    .    (no shield)
rNeg    . . .      Spirit   .    b - +0 animal skin
rPois   .          Reflect  .    (helmet restricted)
rElec   .          Rampage  .    (no cloak)
rCorr   .                        (no gloves)
Will    .....                    (no boots)
Stlth   +                        (no amulet)
HPRegen 0.24/turn                (no ring)
MPRegen 0.07/turn                (no ring)

@: no status effects
A: horns 2, retaliatory headbutt
a: Renounce Religion, Berserk


You were on level 2 of the Dungeon.
You worshipped Trog.
Trog was aware of your devotion.
You visited 1 branch of the dungeon, and saw 2 of its levels.

You collected 46 gold pieces.

Inventory:

Hand Weapons
 a - a +0 hand axe (weapon)
Armour
 b - a +0 animal skin (worn)
Scrolls
 c - a scroll of blinking {unknown}
 f - a scroll of vulnerability {unknown}
 g - a scroll of fog {unknown}
Potions
 d - a potion of curing {unknown}
 e - 2 potions of flight {unknown}


   Skills:
 + Level 4.0 Fighting
 * Level 4.1 Axes
 + Level 3.0 Armour
 - Level 2.6 Dodging


You had one spell level left.
You didn't know any spells.
Your spell library was empty.

Dungeon Overview and Level Annotations

Branches:
Dungeon (2/15)

Altars:

Annotations:
D:2 Robin


Innate Abilities, Weirdness & Mutations

You have a pair of horns on your head.
You reflexively headbutt those who attack you in melee.


Message History

You see here a +0 club.
You closely miss the goblin. Your headbutt misses the goblin.
Robin throws the goblin at you! The goblin hits you with a dagger.
The goblin closely misses you.
You hit the goblin.
You kill the goblin!
Trog accepts your kill.
You hit the goblin.
You kill the goblin!
Trog accepts your kill. Robin throws the goblin at you!
Your Fighting skill increases to level 4!
Your Axes skill increases to level 4!
You barely miss the goblin. You headbutt the goblin.
You kill the goblin!
Trog accepts your kill.
You hit the goblin. The goblin hits you with a +0 club.
Robin throws the goblin at you! The goblin closely misses you.
You hit the goblin.
You kill the goblin!
Trog accepts your kill.
You hit the goblin.
You kill the goblin!
Trog accepts your kill.
You hit the hobgoblin.
You kill the hobgoblin!
Trog accepts your kill.
Robin hits you from afar with a +0 trident!
* * * LOW HITPOINT WARNING * * *
The hobgoblin hits you!
* * * LOW HITPOINT WARNING * * *
Items here: )))) †††.
You hit the hobgoblin.
You kill the hobgoblin!
Trog accepts your kill.
Robin hits you from afar with a +0 trident.
* * * LOW HITPOINT WARNING * * *
Your Armour skill increases to level 3!
Robin hits you with a +0 trident!
You die...

#.# #.#
###### #.#
#.#
#....#####.#
###
#..........#
#....#######
###)## #)#
#)# #@# #g#


ggg ..... ...>... #.......# #.......# #.......# You could see Robin and 3
goblins.

Vanquished Creatures
  3 ball pythons
  An endoplasm (D:1)
  A giant cockroach (D:1)
  9 goblins
  3 hobgoblins
  A quokka (D:1)
  A bat (D:1)
  2 kobolds (D:1)
  2 rats (D:1)
23 creatures vanquished.

Notes
Turn   | Place    | Note
-------+----------+-------------------------------------------
     0 | D:1      | Maize the Minotaur Berserker began the quest for the Orb.
     0 | D:1      | Reached XP level 1. HP: 19/19 MP: 0/0
   178 | D:1      | Reached XP level 2. HP: 19/27 MP: 1/1
   434 | D:1      | Found a faded altar of an unknown god.
   624 | D:2      | Noticed Robin
   633 | D:2      | HP: 1/27 [Robin/+0 trident (6)]
   634 | D:2      | Mangled by Robin

Illustrated notes

Levels and vault maps discovered:
D:1:      dpeg_arrival_stonehenge_8_columns, layout_loops_ring,
          ebering_ecumenical_altar_petrified
D:2:      layout_basic, uniq_robin

Skill      XL: |  1  2 |
---------------+-------+-----
Fighting       | 4 |  4.0
Axes           | 4 |  4.1
Armour         | 3 |  3.0
Dodging        | |  2.6

Action                     || total
---------------------------++-------
  Melee: Hand axe          ||    34
         Headbutt          ||     4
 Invoke: Berserk           ||     1
 Armour: Animal skin       ||     2
  Dodge: Dodged            ||    20

Table legend: (Time is in decaauts)
 A = Elapsed time spent in this place.
 B = Non-inter-level travel time spent in this place.
 C = Inter-level travel time spent in this place.
 D = Time resting spent in this place.
 E = Time spent auto-exploring this place.
 F = Levels seen in this place.
 G = Mean time per level.
                   A        B        C        D        E       F      G
               +--------+--------+--------+--------+--------+-----+--------+
         Total |    643 |    635 |      8 |     25 |    524 |   2 |  321.5 |
       Dungeon |    643 |    635 |      8 |     25 |    524 |   2 |  321.5 |
               +--------+--------+--------+--------+--------+-----+--------+

Top non-repeatable levels by time:
     D:1: 600 daAuts
     D:2: 43 daAuts
